 Dungeon Crawl Stone Soup version 0.23-a0-208-gb6b040f (webtiles) character file.

5 mandick the Magician (level 1, -1/11 HPs)
             Began as an Octopode Wizard on Sept 25, 2018.
             Slain by a leopard gecko (3 damage)
             ... on level 1 of the Dungeon.
             The game lasted 00:01:20 (320 turns).

mandick the Magician (Octopode Wizard)               Turns: 320, Time: 00:01:21

Health: -1/11      AC:  1    Str:  2    XL:     1   Next: 80%
Magic:  4/4        EV: 13    Int: 20    God:
Gold:   16         SH:  0    Dex: 10    Spells: 5/6 levels left

rFire    . . .     SeeInvis .   (no weapon)
rCold    . . .     Gourm    .   (no shield)
rNeg     . . .     Faith    .   a - +0 hat
rPois    .         Spirit   .   (no amulet)
rElec    .         Reflect  .   d - -4 ring of strength (curse)
rCorr    .         Harm     .   (no ring)
MR       .....                  (no ring)
Stlth    +++.......             (no ring)
HPRegen  0.03/turn              (no ring)
MPRegen  0.09/turn              (no ring)
                                (no ring)
                                (no ring)

@: no status effects
A: almost no armour, stealthy swim, amphibious, 8 rings, constrict 8, camouflage
1, gelatinous body 1
a: no special abilities


You were on level 1 of the Dungeon.
You were not hungry.

You visited 1 branch of the dungeon, and saw 1 of its levels.

You collected 16 gold pieces.

Inventory:

Armour
 a - a +0 hat (worn)
Jewellery
 d - a cursed -4 ring of strength (left tentacle)
Scrolls
 e - a scroll of remove curse {unknown}
Potions
 f - a potion of haste {unknown}
 g - a potion of heal wounds {unknown}
Comestibles
 c - 3 rations


   Skills:
 - Level 2.0 Dodging
 - Level 2.6 Stealth
 + Level 3.1 Spellcasting
 + Level 1.4 Conjurations
   Level 1.0 Summonings
   Level 1.0 Translocations


You had 5 spell levels left.
You knew the following spells:

 Your Spells              Type           Power        Failure   Level  Hunger
a - Magic Dart            Conj           #...         8%          1    None

Your spell library contained the following spells:

 Spells                   Type           Power        Failure   Level  Hunger
 Blink                    Tloc           N/A          14%         2    ##.....
 Call Imp                 Summ           #.......     14%         2    ##.....
 Slow                     Hex            #.......     22%         2    ##.....
 Conjure Flame            Conj/Fire      #.......     32%         3    ###....
 Mephitic Cloud           Conj/Pois/Air  #.......     34%         3    ###....


Dungeon Overview and Level Annotations

Branches:
Dungeon (1/15)

Altars:


Innate Abilities, Weirdness & Mutations

You cannot wear most types of armour.
You are very stealthy in the water. (Stealth+)
You are amphibious.
You can wear up to eight rings at the same time.
You can use your tentacles to constrict eight enemies at once.
Your skin changes colour to match your surroundings (Stealth+).
Your rubbery body absorbs attacks. (AC +1, EV +1)


Message History

You constrict the leopard gecko, but do no damage.
The leopard gecko bites you.
You tentacle-slap the leopard gecko but do no damage.
The leopard gecko is moderately wounded.
You constrict the leopard gecko, but do no damage.
The leopard gecko bites you.
You tentacle-slap the leopard gecko.
The leopard gecko is heavily wounded.
You constrict the leopard gecko, but do no damage.
The leopard gecko barely misses you.
You tentacle-slap the leopard gecko but do no damage.
You squeeze the leopard gecko, but do no damage.
The leopard gecko is heavily wounded.
You constrict the leopard gecko, but do no damage.
The leopard gecko closely misses you. The leopard gecko bites you.
* * * LOW HITPOINT WARNING * * *
You barely miss the leopard gecko.
The leopard gecko is heavily wounded.
You constrict the leopard gecko. The leopard gecko bites you.
You die...

.. #... ..#
#### ..#
... ..#
###l###.#
#...@..)#
#.#.##..#
...
#..###+###$
#.##
#..'.......
#.
#..###+###.
# #..# ##.#
#.# #.#


You could see a leopard gecko.

Vanquished Creatures
  A hobgoblin (D:1)
  2 goblins (D:1)
  A kobold (D:1)
  2 rats (D:1)
6 creatures vanquished.

Notes
Turn   | Place    | Note
-------+----------+-------------------------------------------
     0 | D:1      | mandick the Octopode Wizard began the quest for the Orb.
     0 | D:1      | Reached XP level 1. HP: 11/11 MP: 4/4
   320 | D:1      | Slain by a leopard gecko

Vault maps used:
D:1:      dpeg_arrival_fog, minmay_door_square

Action                   || total
-------------------------++-------
Melee: Unarmed           ||    22
       Constrict         ||     4
       Tentacles         ||     3
 Cast: Magic Dart        ||     5
 Stab: Sleeping          ||     1
Armor: Skin              ||     2
Dodge: Dodged            ||     9

Table legend:
 A = Non-vault XP
 B = Vault XP
 C = Vault XP percentage of total XP
 D = Non-vault monster count
 E = Vault monster count
 F = Vault count percentage of total count
                 A         B        C        D         E       F
            +---------+---------+-------+---------+---------+-------
      Total |       8 |       0 |   0.0 |       6 |       0 |   0.0
            +---------+---------+-------+---------+---------+-------
        D:1 |       8 |       0 |   0.0 |       6 |       0 |   0.0
            +---------+---------+-------+---------+---------+-------
